 Dungeon Crawl Stone Soup version 0.30-a0-40-gc6d0f036a7 (webtiles) character file.

Game seed: 1694504601075667646

32 ytrimaz the Insei (level 3, 0/23 HPs)
             Began as an Octopode Transmuter on Aug 29, 2022.
             Slain by a kobold
             ... wielding a +0 dagger
              (4 damage)
             ... on level 1 of the Dungeon.
             The game lasted 00:00:43 (617 turns).

ytrimaz the Insei (Octopode Transmuter)              Turns: 617, Time: 00:00:44

Health: 0/23       AC:  1    Str:  9    XL:     3   Next: 27%
Magic:  3/6        EV: 13    Int: 17    God:
Gold:   48         SH:  0    Dex: 12    Spells: 0/6 levels left

rFire   + . .      SeeInvis .      - Unarmed
rCold   . . .      Faith    .    (no shield)
rNeg    . . .      Spirit   .    (helmet currently unavailable)
rPois   .          Reflect  .    (no amulet)
rElec   .          Harm     .    c - ring of protection from fire
rCorr   .          Rampage  .    (no ring)
Will    .....                    (no ring)
Stlth   ++........               (no ring)
HPRegen 0.07/turn                (no ring)
MPRegen 0.10/turn                (no ring)
                                 (no ring)
                                 (no ring)

@: appendages, wereblooded
A: tentacle spike 3, almost no armour, amphibious, 8 rings, camouflage 1,
gelatinous body 1, (nimble swimmer 1), tentacles
a: End Transformation


You were on level 1 of the Dungeon.
One of your tentacles had grown a beastly spike.
You visited 1 branch of the dungeon, and saw 1 of its levels.

You collected 48 gold pieces.

Inventory:

Jewellery
 c - a ring of protection from fire (left tentacle)
Scrolls
 a - a scroll of identify {unknown}
 b - a scroll of vulnerability {unknown}


   Skills:
 + Level 1.1 Fighting
 - Level 2.0 Dodging
 - Level 4.1 Unarmed Combat
 - Level 2.0 Spellcasting
 + Level 2.0 Transmutations
 * Level 0.6 Poison Magic


You couldn't memorise any spells.
You knew the following spells:

 Your Spells              Type           Power      Damage    Failure   Level
a - Beastly Appendage     Tmut           16%        N/A       9%          1
b - Wereblood             Tmut           8%         N/A       13%         2
c - Spider Form           Tmut/Pois      6%         N/A       32%         3

Your spell library contained the following spells:

 Spells                   Type           Power      Damage    Failure   Level
 Shock                    Conj/Air       4%         1d3       19%         1
 Dazzling Flash           Conj/Hex       2%         N/A       50%         3
 Swiftness                Air            1%         N/A       50%         3
 Ice Form                 Ice/Tmut       5%         N/A       77%         4
 Airstrike                Air            0%         2d(1-17)  88%         4
 Iskenderun's Mystic Bla  Conj/Tloc      1%         2d3       88%         4
 Starburst                Conj/Fire      0%         6d3       100%        6


Dungeon Overview and Level Annotations

Branches:
Dungeon (1/15)

Altars:


Innate Abilities, Weirdness & Mutations

One of your tentacles has grown a beastly spike.
You cannot wear most types of armour.
You are amphibious.
You can wear up to eight rings at the same time.
Your skin changes colour to match your surroundings (Stealth+).
Your rubbery body absorbs attacks. (AC +1, EV +1)
((You are camouflaged when in or above water. (Stealth+)))
You have tentacles for arms and can constrict up to eight enemies at once.


Message History

The kobold hits the plant with a +0 short sword.
The plant begins to die.
The kobold hits the plant with a +0 short sword.
One of your tentacles grows a vicious spike.
The kobold hits you with a +0 short sword.
The kobold hits the bush but does no damage.
The kobold hits the plant with a +0 dagger.
The kobold hits the plant with a +0 short sword.
You closely miss the kobold. You grab the kobold. You constrict the kobold.
The kobold completely misses you.
The kobold hits the plant with a +0 short sword.
The kobold hits the bush but does no damage.
The kobold hits the plant with a +0 short sword.
You tentacle-slap the kobold.
You kill the kobold!
The kobold hits the plant with a +0 short sword.
The kobold hits the bush but does no damage.
Casting: Beastly Appendage (safe; 9% risk of failure)
Confirm with . or Enter, or press ? or * to list all spells.
Your blood is infused with primal strength.
A nearby plant withers and dies.
Unknown command.
The kobold completely misses you. The kobold hits you but does no damage.
The kobold hits you with a +0 short sword.
You see here a +0 short sword.
You tentacle-slap the kobold. Your grab misses the kobold.
You pierce the kobold.
Your squeeze misses the kobold.
The kobold is heavily wounded.
The kobold misses you. The kobold closely misses you.
A rat comes into view.
The kobold hits you with a +0 short sword.
* * * LOW HITPOINT WARNING * * *
You tentacle-slap the kobold but do no damage.
You grab the kobold.
You pierce the kobold.
You squeeze the kobold.
The kobold is severely wounded.
You constrict the kobold, but do no damage.
The kobold hits you with a +0 short sword.
* * * LOW HITPOINT WARNING * * *
The kobold hits you with a +0 dagger.
You die...

..............................
........#...##########........
...###....### #..######
....##...#### ##..#
............# ###
##.....####.#####
##.............##
##.####......K.# ...
##.#####@### ### #.# ♣#KKPP♣♣
#.# #P...PP♣ ####P.)..÷P♣
♣.......# #.÷.§...# ♣......~P#
♣P÷.r..P♣# ♣P#.÷.PP♣


You could see 3 kobolds and a rat.

Vanquished Creatures
  A dart slug (D:1)
  A ball python (D:1)
  4 endoplasms (D:1)
  A giant cockroach (D:1)
  3 goblins (D:1)
  5 hobgoblins (D:1)
  6 kobolds (D:1)
  A quokka (D:1)
  A frilled lizard (D:1)
23 creatures vanquished.

Vanquished Creatures (others)
  3 plants (D:1)
3 creatures vanquished.

Grand Total: 26 creatures vanquished

Notes
Turn   | Place    | Note
-------+----------+-------------------------------------------
     0 | D:1      | ytrimaz the Octopode Transmuter began the quest for the
                  | Orb.
     0 | D:1      | Reached XP level 1. HP: 13/13 MP: 3/3
    24 | D:1      | Reached XP level 2. HP: 12/18 MP: 3/5
   261 | D:1      | Reached skill level 4 in Unarmed Combat
   448 | D:1      | Reached XP level 3. HP: 19/23 MP: 6/6
   455 | D:1      | Learned a level 2 spell: Wereblood
   459 | D:1      | Learned a level 3 spell: Spider Form
   617 | D:1      | Slain by a kobold

Illustrated notes

Levels and vault maps discovered:
D:1:      minmay_arrival_plants_in_alcoves, layout_rooms,
          lexackson_kobold_supper

Skill      XL: |  1  2 |
---------------+-------+-----
Unarmed Combat | 4 |  4.1
Fighting       | |  1.1
Dodging        | |  2.0
Spellcasting   | |  2.0
Transmutations | |  2.0
Poison Magic   | |  0.6

Action                   || total
-------------------------++-------
Melee: Unarmed           ||    42
       Constrict         ||     7
       Tentacles         ||     7
       Kick              ||     5
 Cast: Beastly Appendage ||     5
       Wereblood         ||     1
  Use: Potion            ||     1
 Stab: Sleeping          ||     1
Armor: Skin              ||    14
Dodge: Dodged            ||    13

Table legend: (Time is in decaauts)
 A = Elapsed time spent in this place.
 B = Non-inter-level travel time spent in this place.
 C = Inter-level travel time spent in this place.
 D = Time resting spent in this place.
 E = Time spent auto-exploring this place.
 F = Levels seen in this place.
 G = Mean time per level.
                   A        B        C        D        E       F      G
               +--------+--------+--------+--------+--------+-----+--------+
         Total |    613 |    613 |      0 |      0 |    492 |   1 |  613.0 |
       Dungeon |    613 |    613 |      0 |      0 |    492 |   1 |  613.0 |
               +--------+--------+--------+--------+--------+-----+--------+

Top non-repeatable levels by time:
     D:1: 613 daAuts
